 Dungeon Sprint DCSS version 0.19-a0-1878-gcbc8a98 (webtiles) character file.

1519 packetloss the Bewitcher (level 8, -4/36 HPs)
             Began as a Spriggan Enchanter on Oct 14, 2016.
             Was an Initiate of Dithmenos.
             Shot with an arrow by a centaur warrior (22 damage)
             ... in the Dungeon (Sprint I: "Red Sonja").
             The game lasted 00:05:00 (796 turns).

packetloss the Bewitcher (Spriggan Enchanter)        Turns: 796, Time: 00:05:00

Health: -4/36      AC:  3    Str:  4    XL:     8   Next: 54%
Magic:  2/13       EV: 29    Int: 19    God:    Dithmenos [......]
Gold:   677        SH:  0    Dex: 16    Spells: 3 memorised, 6 levels left

rFire  . . .     SeeInvis +     n - +0 dagger (distort) {!w}
rCold  . . .     Gourm    .     b - +1 robe
rNeg   . . .     Faith    .     (shield restricted)
rPois  .         Spirit   .     (helmet restricted)
rElec  .         Dismiss  .     (no cloak)
rCorr  .         Reflect  .     (gloves unavailable)
MR     +....     Harm     .     (boots unavailable)
Stlth  +++++..... NoTele   +    k - amulet of magic regeneration
                                (no ring)
                                (no ring)

@: very quick
A: unfitting armour, see invisible, herbivore 3, speed 3, slow metabolism 2
a: Renounce Religion


You were in the Dungeon.
You worshipped Dithmenos.
Dithmenos was noncommittal.
You were not hungry.

You visited 1 branch You collected 725 gold pieces.
You spent 48 gold pieces at shops.

Inventory:

Hand Weapons
 n - a +0 dagger of distortion (weapon) {!w}
   (You took it off Sonja in the Dungeon)
 o - a +0 scythe (quivered)
   (You took it off Sigmund in the Dungeon)
 p - a +0 giant spiked club
   (You took it off an ogre in the Dungeon)
 q - a +0 blowgun
   (You took it off Sonja in the Dungeon)
 t - a +1 dagger
Missiles
 m - 7 curare-tipped needles
Armour
 b - a +1 robe (worn)
Jewellery
 k - an amulet of magic regeneration (around neck)
   (You found it in the Dungeon)
Scrolls
 e - a scroll of fear
 j - a scroll of blinking {!r}
 l - 3 scrolls of identify
 r - a scroll of torment {unknown}
Potions
 a - 2 potions of curing
 f - a potion of heal wounds
 g - a potion of haste
 h - 2 potions of magic
 i - a potion of ambrosia {unknown}
Books
 c - a book of Maledictions
Comestibles
 d - a bread ration {@e1}
 s - 5 fruits


   Skills:
 - Level 1.1 Short Blades
 - Level 13.7 Dodging
 - Level 12.1 Stealth
 - Level 2.6 Spellcasting
 + Level 16.6 Hexes


You had 6 spell levels left.
You knew the following spells:

 Your Spells              Type           Power        Failure   Level  Hunger
a - Ensorcelled Hibernat  Hex/Ice        ####..       1%          2    ##.....
c - Confuse               Hex            ######..     1%          3    ###....
v - Corona                Hex            ######.      1%          1    None


Dungeon Overview and Level Annotations

Branches:
Dungeon (1/1)

Altars:
Cheibriados
Dithmenos
Elyvilon
Fedhas
Gozag
Hepliaklqana
Kikubaaqudgha
Nemelex Xobeh
Okawaru
Qazlal
Ru
Sif Muna
Trog
Uskayaw
Vehumet
Yredelemnul
Zin
The Shining One

Shops:
D *[


Innate Abilities, Weirdness & Mutations

You are very small and have problems with some larger weapons.
You are too small for most types of armour.
You have supernaturally acute eyesight. (SInv)
You are a herbivore.
You cover ground extremely quickly.
You need consume almost no food.


Message History

You hit the ballistomycete but do no damage.
You hit the ballistomycete but do no damage.
Space bends around the ballistomycete.
You hit the ballistomycete. You hit the ballistomycete.
Space bends around the ballistomycete.
You destroy the ballistomycete!
The fungal colony is destroyed.
a - a potion of curing You now have 424 gold pieces (gained 27).
You now have 451 gold pieces (gained 27).
You now have 478 gold pieces (gained 27).
e - a scroll labeled ZUBAET UKAREE
r - a scroll labeled WIOCEW TIEX
s - 5 fruits You now have 505 gold pieces (gained 27).
You now have 532 gold pieces (gained 27).
You now have 559 gold pieces (gained 27).
t - a +1 dagger;
a - 2 potions of curing (gained 1)
There is an open door here.
You start resting.
You regained 20 hp, and now have 28/36 hp.
You start resting.
Health restored: 36 You open the door.
A deep troll comes into view.
Spoiler Alert: The deep troll (sleeping) can hit for high damage in melee, and regenerates quickly!
Unknown command.
Spoiler Alert: The deep troll (sleeping) can hit for high damage in melee, and regenerates quickly!
There is an open door here.
Spoiler Alert: The deep troll (sleeping) can hit for high damage in melee, and regenerates quickly!
You see here 27 gold pieces.
Spoiler Alert: The deep troll (sleeping) can hit for high damage in melee, and regenerates quickly!
You see here 27 gold pieces.
Spoiler Alert: The deep troll (sleeping) can hit for high damage in melee, and regenerates quickly!
The helpless deep troll fails to defend itself.
You stick the deep troll like a pincushion!!!
Space warps horribly around the deep troll!
You kill the deep troll!
Dithmenos accepts your kill.
The troll leather armour is intact enough to wear.
Your Hexes skill gained 2 levels and is now at level 16!
You now have 586 gold pieces (gained 27).
You now have 613 gold pieces (gained 27).
Things that are here:
a +0 troll leather armour {regen}; a deep troll corpse You now have 640 gold pieces (gained 27).
You now have 667 gold pieces (gained 27).
You open the door.
Found a smoking helmet and a lajatang.
Found Ysecoxt's Armour Emporium.
There is an open door here.
You see here a smoking helmet.
You see here a lajatang.
There is an entrance to Ysecoxt's Armour Emporium here.
You see here a smoking helmet.
There is an open door here.
Things that are here:
a +0 troll leather armour {regen}; a deep troll corpse You open the door.
There is an open door here.
You now have 677 gold pieces (gained 10).
You see here 16 stones.
l - 3 scrolls of identify (gained 1)
You see here 16 stones.
e - 2 scrolls labeled ZUBAET UKAREE (gained 1)
As you read the scroll labeled ZUBAET UKAREE, it crumbles to dust.
You assume a fearsome visage.
Nothing appears to happen.
It was a scroll of fear.
You see here 16 stones.
You open the door.
A centaur warrior comes into view.
Warning x2: The centaur warrior (sleeping) can hit for high damage at range!
The centaur warrior (sleeping) is fast and can hit for moderate damage at range!
Unknown command.
Warning x2: The centaur warrior (sleeping) can hit for high damage at range!
The centaur warrior (sleeping) is fast and can hit for moderate damage at range!
Aim: a centaur warrior (purple smoke, resting, chance to defeat MR: 61%)
The centaur warrior resists with significant effort.
Warning x2: The centaur warrior can hit for high damage at range!
The centaur warrior is fast and can hit for moderate damage at range!
You now have 10/13 mp.
Aim: a centaur warrior (purple smoke, chance to defeat MR: 61%)
The centaur warrior resists with significant effort.
The centaur warrior wields a shortbow.
The centaur warrior shoots an arrow.
The arrow hits you!!
Ouch! That really hurt!
You hear a shout!
Warning x2: The centaur warrior can hit for high damage at range!
The centaur warrior is fast and can hit for moderate damage at range!
You take 18 damage, and have 18/36 hp.
MASSIVE DAMAGE!!
You now have 7/13 mp.
Unknown command.
Aim: a centaur warrior, wielding a shortbow (chance to defeat MR: 61%)
The centaur warrior resists with significant effort.
The centaur warrior shoots an arrow.
The arrow barely misses you.
The centaur warrior shoots an arrow.
The arrow closely misses you.
Warning x2: The centaur warrior can hit for high damage at range!
The centaur warrior is fast and can hit for moderate damage at range!
You now have 4/13 mp.
Unknown command.
Aim: a centaur warrior, wielding a shortbow (purple smoke, chance to defeat MR: 61%)
The centaur warrior resists with significant effort.
The centaur warrior shoots an arrow.
The arrow hits you!!
Ouch! That really hurt!
You die...

.'..#..+
'#####'# ###
.#...#.# #§§#
##..##[#§§§§§
_##'#..+§≈§.
..'..._#§§c
_##_.#'##§###
_###'#.#.@§.###
####.####'###)##
+...'..[..'[∩#
#...##########
###.### #.#'#.#
#.....# #.....#


You could see a centaur warrior.

Vanquished Creatures
  Sonja (D)
  A deep troll (D)
  Sigmund (D)
  A yak (D)
  An ogre (D)
  A jelly (D)
  Ijyb (D)
  2 ballistomycetes (D)
9 creatures vanquished.

Vanquished Creatures (others)
  2 ballistomycete spores (D)
2 creatures vanquished.

Grand Total: 11 creatures vanquished

Notes
Turn   | Place    | Note
-------+----------+-------------------------------------------
     0 | D        | packetloss the Spriggan Enchanter began the quest for the Orb.
     0 | D        | Reached XP level 1. HP: 9/9 MP: 5/5
     1 | D        | Noticed Ijyb
    14 | D        | Killed Ijyb
    14 | D        | Reached skill level 7 in Hexes
    14 | D        | Reached XP level 2. HP: 13/13 MP: 4/6
    61 | D        | Noticed an ogre
    66 | D        | Learned a level 2 spell: Ensorcelled Hibernation
    73 | D        | Killed an ogre
    73 | D        | Reached skill level 11 in Hexes
    73 | D        | Reached XP level 3. HP: 16/16 MP: 5/8
    73 | D        | Reached XP level 4. HP: 21/21 MP: 5/9
   114 | D        | Learned a level 3 spell: Confuse
   116 | D        | Noticed Sigmund
   122 | D        | Killed Sigmund
   122 | D        | Reached skill level 14 in Hexes
   122 | D        | Reached XP level 5. HP: 24/24 MP: 7/10
   122 | D        | Reached XP level 6. HP: 28/28 MP: 7/11
   134 | D        | Found a deep blue altar of Sif Muna.
   136 | D        | Found a radiant altar of Vehumet.
   140 | D        | Reached skill level 6 in Stealth
   164 | D        | Found Arut's General Store.
   164 | D        | Found an ancient bone altar of Kikubaaqudgha.
   164 | D        | Found a hazy altar of Hepliaklqana.
   164 | D        | Found a hide-covered altar of Uskayaw.
   164 | D        | Found a basalt altar of Yredelemnul.
   164 | D        | Found an opulent altar of Gozag.
   164 | D        | Found a snail-covered altar of Cheibriados.
   164 | D        | Found a sacrificial altar of Ru.
   164 | D        | Found a shadowy altar of Dithmenos.
   164 | D        | Noticed a yak
   165 | D        | Found a stormy altar of Qazlal.
   165 | D        | Found a blossoming altar of Fedhas.
   165 | D        | Found a bloodstained altar of Trog.
   165 | D        | Found an iron altar of Okawaru.
   165 | D        | Found a glowing golden altar of the Shining One.
   165 | D        | Found a glowing silver altar of Zin.
   165 | D        | Found a white marble altar of Elyvilon.
   173 | D        | Killed a yak
   173 | D        | Reached skill level 12 in Stealth
   178 | D        | Found a sparkling altar of Nemelex Xobeh.
   182 | D        | Bought a scroll of identify for 24 gold pieces
   182 | D        | Bought a scroll of identify for 24 gold pieces
   186 | D        | Became a worshipper of Dithmenos the Shadowed
   204 | D        | Noticed Sonja
   212 | D        | Killed Sonja
   212 | D        | Reached skill level 13 in Dodging
   212 | D        | Reached XP level 7. HP: 11/32 MP: 5/12
   212 | D        | Reached XP level 8. HP: 12/36 MP: 5/13
   458 | D        | HP: 9/36 [something (27)]
   461 | D        | HP: 2/36 [something (15)]
   754 | D        | Noticed a deep troll
   758 | D        | Killed a deep troll
   758 | D        | Reached skill level 16 in Hexes
   768 | D        | Found Ysecoxt's Armour Emporium.
   792 | D        | Noticed a centaur warrior
   796 | D        | Shot with an arrow by a centaur warrior

Vault maps used:
D:        dungeon_sprint_1

Skill      XL: |  1  2  3  4  5  6  7  8 |
---------------+-------------------------+-----
Hexes          | 7 11 14 16 | 16.6
Stealth        | 12 | 12.1
Dodging        | 13 | 13.7
Short Blades   | |  1.1
Spellcasting   | |  2.6

Action                   |  1- 3 |  4- 6 |  7- 9 || total
-------------------------+-------+-------+-------++-------
Melee: Dagger            |    13 |     7 |    15 ||    35
 Cast: Corona            |     1 |       |       ||     1
       Ensorcelled Hiber |     1 |     4 |       ||     5
       Confuse           |       |     2 |     4 ||     6
  Use: Potion            |     1 |       |     1 ||     2
       Scroll            |       |       |     1 ||     1
 Stab: Sleeping          |     2 |     5 |     1 ||     8
       Confused          |       |     1 |       ||     1
Armor: Robe              |     1 |     1 |       ||     2
Dodge: Dodged            |     6 |     4 |     2 ||    12

Vault maps used:
D:        dungeon_sprint_1

Table legend:
 A = Turns spent in this place as a percentage of turns spent in the entire game.
 B = Non-inter-level travel turns spent in this place as a percentage of non-inter-level travel turns spent in the entire game.
 C = Inter-level travel turns spent in this place as a percentage of turns spent in this place.
 D = Turns resting spent in this place as a percentage of non-inter-level travel turns spent in this place.
 E = Turns spent auto-exploring this place as a percentage of non-inter-level travel turns spent in this place.
 F = Non-inter-level travel turns spent in this place divided by the number of levels of this place that you've seen.
                   A       B       C       D       E      F
               +-------+-------+-------+-------+-------+----------------------
         Total | 100.0 | 100.0 |   0.0 |   5.0 |   0.0 | 322.0
       Dungeon | 100.0 | 100.0 |   0.0 |   5.0 |   0.0 | 322.0
               +-------+-------+-------+-------+-------+----------------------

Table legend:
 A = Kills in this place as a percentage of kills in entire the game.
 B = Kills by you in this place as a percentage of kills by you in the entire game.
 C = Kills by friends in this place as a percentage of kills by friends in the entire game.
 D = Other kills in this place as a percentage of other kills in the entire game.
 E = Experience gained in this place as a percentage of experience gained in the entire game.
 F = Experience gained in this place divided by the number of levels of this place that you have seen.
                   A       B       C       D       E      F
               +-------+-------+-------+-------+-------+----------------------
         Total | 100.0 | 100.0 |  -nan |  -nan | 100.0 | 2171.0
       Dungeon | 100.0 | 100.0 |  -nan |  -nan | 100.0 | 2171.0
               +-------+-------+-------+-------+-------+----------------------
